| TOP OF THE 1ST |
|
Arizona State University Sun Devils batting - Pitching for University of Maine Black Bears : LHP Edwin Aranda
|
|
Pitching: LHP Edwin Aranda
|
|
|
Batting: LHB Eric Russell
|
0-0: TRIPLE (Line Drive, 9D, EV 108.8 MPH)
|
|
Batting: LHB Timon Giorgiou
|
0-0: Ball 1-0: Called Strike 1-1: Called Strike 1-2: Ball 2-2: Foul Ball, location: 2F 2-2: Strikes out swinging
|
|
Batting: RHB Martin Boyle
|
0-0: Called Strike 0-1: Ground out 4-3 (Groundball, 4MS, EV 84.4 MPH) Eric Russell scores
|
|
Batting: LHB Justin Vitali
|
0-0: Ball 1-0: SOLO HOME RUN (Flyball, 7D, EV 98.8 MPH), Distance : 406 ft
|
|
Batting: SHB Manny Aponte
|
0-0: Foul Ball, location: 2F 0-1: Ball 1-1: Called Strike 1-2: Ball 2-2: Foul Ball, location: 2F 2-2: Fly out, F8 (Flyball, 8LD, EV 104.4 MPH)
|
| Top of the 1st over - 2 runs, 2 hits, 0 errors, 0 left on base; Arizona State University 2 - University of Maine 0 |
| BOTTOM OF THE 1ST |
|
University of Maine Black Bears batting - Pitching for Arizona State University Sun Devils : LHP John Neville
|
|
Pitching: LHP John Neville
|
|
|
Batting: RHB Mark Cozens
|
0-0: Fly out, F9 (Flyball, 89D, EV 97.5 MPH)
|
|
Batting: LHB Dave Aguilar
|
0-0: Ball 1-0: Ball 2-0: Called Strike 2-1: Ball 3-1: Base on Balls
|
|
Batting: RHB Alex Day
|
0-0: Called Strike 0-1: Ball 1-1: Ball 2-1: Reached on error, E4 (Groundball, 4M, EV 82.5 MPH) Dave Aguilar to second
|
|
Batting: LHB Seung Pack
|
0-0: Called Strike 0-1: Ball 1-1: Ball 2-1: Swinging Strike 2-2: Strikes out swinging
|
|
Batting: RHB Geoffrey Gonzalez
|
0-0: Ball 1-0: DOUBLE (Groundball, 5L, EV 106.9 MPH) Dave Aguilar scores Alex Day to third
|
|
Batting: LHB Carlos Rivera
|
0-0: Called Strike 0-1: Swinging Strike 0-2: Foul Ball, location: 2F 0-2: Ball 1-2: Foul Ball, location: 2F 1-2: Strikes out swinging
|
| Bottom of the 1st over - 1 run, 1 hit, 1 error, 2 left on base; Arizona State University 2 - University of Maine 1 |
| TOP OF THE 2ND |
|
Arizona State University Sun Devils batting - Pitching for University of Maine Black Bears : LHP Edwin Aranda
|
|
Batting: LHB Randy Marquez
|
0-0: Ball 1-0: Ball 2-0: Fly out, F7 (Flyball, 7D, EV 83.1 MPH)
|
|
Batting: RHB John Burgis
|
0-0: Swinging Strike 0-1: SOLO HOME RUN (Flyball, 7D, EV 108.1 MPH), Distance : 421 ft
|
|
Batting: RHB Carl Evans
|
0-0: Called Strike 0-1: Ball 1-1: Fly out, F9 (Line Drive, 9S, EV 96.9 MPH)
|
|
Batting: RHB Alonzo Cardona
|
0-0: Called Strike 0-1: Ball 1-1: Ground out 6-3 (Groundball, 56, EV 100.6 MPH)
|
| Top of the 2nd over - 1 run, 1 hit, 0 errors, 0 left on base; Arizona State University 3 - University of Maine 1 |
| BOTTOM OF THE 2ND |
|
University of Maine Black Bears batting - Pitching for Arizona State University Sun Devils : LHP John Neville
|
|
Batting: SHB Mario Barajas
|
0-0: Called Strike 0-1: Ball 1-1: Called Strike 1-2: Ball 2-2: Fly out, F8 (Flyball, 8RM, EV 88.8 MPH)
|
|
Batting: RHB Kevin Baker
|
0-0: Ball 1-0: Ball 2-0: Called Strike 2-1: Ball 3-1: Base on Balls
|
|
Batting: RHB Julio Villanueva
|
0-0: Called Strike Kevin Baker steals 2nd base 0-1: Ball 1-1: Ground out 5-3 (Groundball, 56S, EV 82.5 MPH)
|
|
Batting: RHB Mark Cozens
|
0-0: Called Strike 0-1: Ball 1-1: Fly out, F6 (Line Drive, 56, EV 75.0 MPH)
|
| Bottom of the 2nd over - 0 runs, 0 hits, 0 errors, 1 left on base; Arizona State University 3 - University of Maine 1 |
| TOP OF THE 3RD |
|
Arizona State University Sun Devils batting - Pitching for University of Maine Black Bears : LHP Edwin Aranda
|
|
Batting: LHB Eric Russell
|
0-0: Foul Ball, location: 2F 0-1: Ball 1-1: Swinging Strike 1-2: Strikes out looking
|
|
Batting: LHB Timon Giorgiou
|
0-0: Ball 1-0: Foul Ball, location: 2F 1-1: Ball 2-1: Ground out U3 (Groundball, 34, EV 110.0 MPH)
|
|
Batting: RHB Martin Boyle
|
0-0: Called Strike 0-1: Called Strike 0-2: Ground out U3 (Groundball, 13, EV 81.9 MPH)
|
| Top of the 3rd over - 0 runs, 0 hits, 0 errors, 0 left on base; Arizona State University 3 - University of Maine 1 |
| BOTTOM OF THE 3RD |
|
University of Maine Black Bears batting - Pitching for Arizona State University Sun Devils : LHP John Neville
|
|
Batting: LHB Dave Aguilar
|
0-0: Called Strike 0-1: Ball 1-1: Swinging Strike 1-2: Ground out 6-3 (Groundball, 56, EV 85.6 MPH)
|
|
Batting: RHB Alex Day
|
0-0: Ball 1-0: Ball 2-0: Called Strike 2-1: Ball 3-1: Called Strike 3-2: Foul Ball, location: 2F 3-2: Strikes out swinging
|
|
Batting: LHB Seung Pack
|
0-0: Foul Ball, location: 2F 0-1: DOUBLE (Line Drive, 7LM, EV 106.9 MPH)
|
|
Batting: RHB Geoffrey Gonzalez
|
0-0: Ball 1-0: Ball 2-0: Foul Ball, location: 2F 2-1: Called Strike 2-2: Ball 3-2: SINGLE (Groundball, 56D, EV 103.8 MPH) Seung Pack to third Runner from 3rd tries for Home, SAFE, throw by LF to home
|
|
Batting: LHB Carlos Rivera
|
0-0: Called Strike 0-1: Called Strike 0-2: Ball 1-2: Ball 2-2: Ground out 4-3 (Groundball, 34, EV 83.8 MPH)
|
| Bottom of the 3rd over - 1 run, 2 hits, 0 errors, 1 left on base; Arizona State University 3 - University of Maine 2 |
| TOP OF THE 4TH |
|
Arizona State University Sun Devils batting - Pitching for University of Maine Black Bears : LHP Edwin Aranda
|
|
Batting: LHB Justin Vitali
|
0-0: Ball 1-0: Ball 2-0: Foul Ball, location: 2F 2-1: Ground out 4-3 (Groundball, 4, EV 85.6 MPH)
|
|
Batting: SHB Manny Aponte
|
0-0: Ball 1-0: Swinging Strike 1-1: Swinging Strike 1-2: Foul Ball, location: 2F 1-2: Strikes out swinging
|
|
Batting: LHB Randy Marquez
|
0-0: Ball 1-0: Ball 2-0: Ground out 6-3 (Groundball, 6M, EV 83.1 MPH)
|
| Top of the 4th over - 0 runs, 0 hits, 0 errors, 0 left on base; Arizona State University 3 - University of Maine 2 |
| BOTTOM OF THE 4TH |
|
University of Maine Black Bears batting - Pitching for Arizona State University Sun Devils : LHP John Neville
|
|
Pitching: RHP Sho Fukumoto
|
|
|
Batting: SHB Mario Barajas
|
0-0: Ball 1-0: Ball 2-0: Swinging Strike 2-1: Ball 3-1: Base on Balls
|
|
Batting: RHB Kevin Baker
|
0-0: Foul Ball, location: 2F 0-1: Swinging Strike 0-2: Strikes out swinging
|
|
Batting: RHB Julio Villanueva
|
0-0: Ball 1-0: Swinging Strike 1-1: Ball 2-1: Ball 3-1: Grounds into double play, 4-6-3 (Groundball, 4, EV 89.4 MPH)
|
| Bottom of the 4th over - 0 runs, 0 hits, 0 errors, 0 left on base; Arizona State University 3 - University of Maine 2 |
| TOP OF THE 5TH |
|
Arizona State University Sun Devils batting - Pitching for University of Maine Black Bears : LHP Edwin Aranda
|
|
Now at 1B: Osmo Leino
|
|
|
Now at 2B: Justin Degon
|
|
|
Now at SS: Travis Whitby
|
|
|
Now in LF: Frank Gould
|
|
|
Now in RF: John Knox
|
|
|
Batting: RHB John Burgis
|
0-0: Ball 1-0: Foul Ball, location: 2F 1-1: Called Strike 1-2: Strikes out swinging
|
|
Batting: RHB Carl Evans
|
0-0: Ball 1-0: Foul Ball, location: 2F 1-1: Ball 2-1: Ball 3-1: Foul Ball, location: 2F 3-2: Foul Ball, location: 2F 3-2: Base on Balls
|
|
Batting: RHB Alonzo Cardona
|
0-0: Called Strike Carl Evans is caught stealing 2nd base 2-4 0-1: Foul Ball, location: 2F 0-2: Ball 1-2: SOLO HOME RUN (Flyball, 78XD, EV 112.5 MPH), Distance : 442 ft
|
|
Pinch Hitting: LHB David Goad
|
0-0: Called Strike 0-1: Swinging Strike 0-2: Ball 1-2: Foul Ball, location: 2F 1-2: Foul Ball, location: 2F 1-2: Foul Ball, location: 2F 1-2: Foul Ball, location: 2F 1-2: Foul Ball, location: 2F 1-2: Ball 2-2: Ball 3-2: Strikes out swinging
|
| Top of the 5th over - 1 run, 1 hit, 0 errors, 0 left on base; Arizona State University 4 - University of Maine 2 |
| BOTTOM OF THE 5TH |
|
University of Maine Black Bears batting - Pitching for Arizona State University Sun Devils : RHP Sho Fukumoto
|
|
Now at C: Israel Tobias
|
|
|
Now at 1B: Burraga Iukini
|
|
|
Now at 2B: Rusty Gee
|
|
|
Now in RF: Dustin Gill
|
|
|
Batting: LHB John Knox
|
0-0: Ball 1-0: Called Strike 1-1: Ball 2-1: Swinging Strike 2-2: Strikes out swinging
|
|
Batting: RHB Justin Degon
|
0-0: Ball 1-0: Ground out 6-3 (Groundball, 6, EV 101.9 MPH)
|
|
Batting: LHB John Bergeron
|
0-0: Called Strike 0-1: Ball 1-1: Ball 2-1: Ball 3-1: Foul Ball, location: 2F 3-2: Foul Ball, location: 2F 3-2: Strikes out looking
|
| Bottom of the 5th over - 0 runs, 0 hits, 0 errors, 0 left on base; Arizona State University 4 - University of Maine 2 |
| TOP OF THE 6TH |
|
Arizona State University Sun Devils batting - Pitching for University of Maine Black Bears : LHP Edwin Aranda
|
|
Pitching: LHP Al Sisneros
|
|
|
Now at C: Ron Handford
|
|
|
Batting: LHB Timon Giorgiou
|
0-0: Called Strike 0-1: Ball 1-1: Ball 2-1: Fly out, F8 (Flyball, 8RD, EV 90.0 MPH)
|
|
Batting: RHB Rusty Gee
|
0-0: Ball 1-0: Swinging Strike 1-1: Ball 2-1: Ball 3-1: Base on Balls
|
|
Batting: LHB Dustin Gill
|
0-0: Called Strike 0-1: Ball 1-1: Swinging Strike 1-2: Ball 2-2: Foul Ball, location: 2F 2-2: Ball 3-2: Strikes out looking
|
|
Pinch Hitting: RHB Chris DeLuise
|
0-0: Called Strike 0-1: Ball 1-1: Ground out 1-3 (Groundball, 13, EV 70.0 MPH)
|
| Top of the 6th over - 0 runs, 0 hits, 0 errors, 1 left on base; Arizona State University 4 - University of Maine 2 |
| BOTTOM OF THE 6TH |
|
University of Maine Black Bears batting - Pitching for Arizona State University Sun Devils : RHP Sho Fukumoto
|
|
Pitching: RHP Kyle Mahalik
|
|
|
Now at 3B: David Krebs
|
|
|
Now in LF: Bill Callbeck
|
|
|
Batting: RHB Frank Gould
|
0-0: Fly out, F6 (Popup, 15, EV 75.6 MPH)
|
|
Batting: RHB Travis Whitby
|
0-0: Ball 1-0: Called Strike 1-1: Ball 2-1: Called Strike 2-2: Ball 3-2: Base on Balls
|
|
Batting: LHB Osmo Leino
|
0-0: Ball Travis Whitby is caught stealing 2nd base 2-6 1-0: Ball 2-0: Called Strike 2-1: Ball 3-1: Base on Balls
|
|
Pinch Hitting: RHB Rewa Havika
|
0-0: Called Strike 0-1: Ball 1-1: Ball 2-1: SINGLE (Groundball, 56D, EV 101.2 MPH) Osmo Leino to second
|
|
Pinch Hitting: RHB Wang Huan
|
0-0: Swinging Strike 0-1: Ball 1-1: Ground out U3 (Groundball, 3, EV 82.5 MPH)
|
| Bottom of the 6th over - 0 runs, 1 hit, 0 errors, 2 left on base; Arizona State University 4 - University of Maine 2 |
| TOP OF THE 7TH |
|
Arizona State University Sun Devils batting - Pitching for University of Maine Black Bears : LHP Al Sisneros
|
|
Pitching: RHP Ik-jun Jahng
|
|
|
Now at 3B: Rewa Havika
|
|
|
Now in CF: Wang Huan
|
|
|
Batting: RHB David Krebs
|
0-0: Ground out 2-3 (Groundball, 2L, EV 73.8 MPH)
|
|
Batting: RHB Jun-hyuk Leem
|
0-0: Ball 1-0: Ball 2-0: Foul Ball, location: 2F 2-1: Ball 3-1: Base on Balls
|
|
Pinch Hitting: RHB Hervé Papin
|
0-0: Called Strike 0-1: Called Strike 0-2: Ground out 4-3 (Groundball, 34, EV 101.9 MPH) Jun-hyuk Leem to second
|
|
Batting: LHB Burraga Iukini
|
0-0: Ground out 4-3 (Groundball, 4, EV 111.9 MPH)
|
| Top of the 7th over - 0 runs, 0 hits, 0 errors, 1 left on base; Arizona State University 4 - University of Maine 2 |
| BOTTOM OF THE 7TH |
|
University of Maine Black Bears batting - Pitching for Arizona State University Sun Devils : RHP Kyle Mahalik
|
|
Pitching: RHP Josh Wolford
|
|
|
Now at SS: Kawenaula Kapali
|
|
|
Batting: SHB Ron Handford
|
0-0: Called Strike 0-1: DOUBLE (Flyball, 89XD, EV 97.5 MPH)
|
|
Batting: LHB John Knox
|
0-0: Ball 1-0: Ball 2-0: Called Strike 2-1: Ground out 5-3 (Groundball, 5L, EV 103.1 MPH)
|
|
Batting: RHB Justin Degon
|
0-0: Ball 1-0: Ball 2-0: Ball 3-0: Base on Balls
|
|
Batting: LHB John Bergeron
|
0-0: Swinging Strike 0-1: Ball 1-1: 3-RUN HOME RUN (Flyball, 9D, EV 97.5 MPH), Distance : 382 ft
|
|
Pitching: RHP Roberto Silva
|
|
|
Batting: RHB Frank Gould
|
0-0: Ball 1-0: DOUBLE (Line Drive, 7LD, EV 101.9 MPH)
|
|
Batting: RHB Travis Whitby
|
0-0: Foul Ball, location: 2F 0-1: Ball 1-1: SINGLE (Groundball, 34D, EV 108.8 MPH) Frank Gould to third Throwing error, E9 Frank Gould scores Travis Whitby to second
|
|
Batting: LHB Osmo Leino
|
0-0: Called Strike 0-1: Ball 1-1: Called Strike 1-2: Foul Ball, location: 2F 1-2: Ball 2-2: Strikes out swinging
|
|
Batting: RHB Rewa Havika
|
0-0: Ball Wild Pitch! Travis Whitby to third 1-0: Ball 2-0: Fly out, F8 (Flyball, 8RD, EV 83.1 MPH)
|
| Bottom of the 7th over - 4 runs, 4 hits, 1 error, 1 left on base; Arizona State University 4 - University of Maine 6 |
| TOP OF THE 8TH |
|
Arizona State University Sun Devils batting - Pitching for University of Maine Black Bears : RHP Ik-jun Jahng
|
|
Pitching: LHP Preston Harbold
|
|
|
Batting: RHB Israel Tobias
|
0-0: Ball 1-0: Foul Ball, location: 2F 1-1: Swinging Strike 1-2: Ball 2-2: Strikes out swinging
|
|
Batting: LHB Timon Giorgiou
|
0-0: Ball 1-0: Foul Ball, location: 2F 1-1: Foul Ball, location: 2F 1-2: Ball 2-2: Strikes out looking
|
|
Batting: RHB Rusty Gee
|
0-0: Called Strike 0-1: Ball 1-1: Foul Ball, location: 2F 1-2: Strikes out swinging
|
| Top of the 8th over - 0 runs, 0 hits, 0 errors, 0 left on base; Arizona State University 4 - University of Maine 6 |
| BOTTOM OF THE 8TH |
|
University of Maine Black Bears batting - Pitching for Arizona State University Sun Devils : RHP Roberto Silva
|
|
Batting: RHB Wang Huan
|
0-0: Ground out 3-1 (Groundball, 34, EV 86.9 MPH)
|
|
Batting: SHB Ron Handford
|
0-0: Fly out, F7 (Flyball, 7LM, EV 87.5 MPH)
|
|
Pinch Hitting: RHB Jay Mellon
|
0-0: Ball 1-0: Ball 2-0: Ball 3-0: Called Strike 3-1: Foul Ball, location: 2F 3-2: Foul Ball, location: 2F 3-2: Base on Balls
|
|
Pinch Hitting: LHB Steve Thomas
|
0-0: Ball 1-0: Ball 2-0: Reached on error, E8 (Flyball, 8LM, EV 90.0 MPH) Jay Mellon to third
|
|
Batting: RHB Geoffrey Potter
|
0-0: Ground out 6-3 (Groundball, 6M, EV 79.4 MPH)
|
| Bottom of the 8th over - 0 runs, 0 hits, 1 error, 2 left on base; Arizona State University 4 - University of Maine 6 |
| TOP OF THE 9TH |
|
Arizona State University Sun Devils batting - Pitching for University of Maine Black Bears : LHP Preston Harbold
|
|
Pitching: RHP Kurt Goff
|
|
|
Now at 2B: Steve Thomas
|
|
|
Now in RF: Scott Snyder
|
|
|
Batting: LHB Dustin Gill
|
0-0: Ball 1-0: Ball 2-0: Ball 3-0: Base on Balls
|
|
Pinch Hitting: SHB Salvador Rodriquez
|
0-0: Called Strike 0-1: Ball 1-1: Ball 2-1: Grounds into double play, 6-4-3 (Groundball, 6, EV 103.1 MPH)
|
|
Batting: RHB David Krebs
|
0-0: Called Strike 0-1: Called Strike 0-2: Ball 1-2: Ball 2-2: Strikes out swinging
|
| Top of the 9th over - 0 runs, 0 hits, 0 errors, 0 left on base; Arizona State University 4 - University of Maine 6 |
|